 Dungeon Crawl Stone Soup version 0.31-a0-221-gbddc013574 (webtiles) character file.

Game seed: 5160070101754929911

3332 Warped the Thaumaturge (level 9, -10/45 HPs)
             Began as a Deep Elf Conjurer on July 4, 2023.
             Was a Follower of Vehumet.
             Killed from afar by a guardian serpent (14 damage)
             ... with a bolt of poison
             ... in a bailey.
             The game lasted 00:24:09 (7347 turns).

Warped the Thaumaturge (Deep Elf Conjurer)          Turns: 7347, Time: 00:24:10

Health: -10/45     AC:  8    Str:  4    XL:     9   Next: 71%
Magic:  21/27      EV: 12    Int: 28    God:    Vehumet [*.....]
Gold:   720        SH:  0    Dex: 13    Spells: 12/33 levels left

rFire   . . .        a - +2 whip (flame)
rCold   . . .        (no shield)
rNeg    + . .        A - +1 robe {rN+}
rPois   .            B - +0 helmet
rElec   .            w - +2 cloak
rCorr   .            i - +0 pair of gloves
SInv    .            (no boots)
Will    .....        (no amulet)
Stlth   +++          u - ring of wizardry
HPRegen 0.27/turn    (no ring)
MPRegen 0.20/turn

%: wizardry (x1)
@: lethally poisoned (-10 -> -31)
A: no striking features
a: Renounce Religion


You were in a bailey.
You worshipped Vehumet.
Vehumet was aware of your devotion.
You visited 2 branches of the dungeon, and saw 8 of its levels.
You also visited: Bailey.

You collected 720 gold pieces.

Inventory:

Hand Weapons
 a - a +2 whip of flaming (weapon)
 b - a +0 dagger
 e - a +0 heavy war axe
 g - a +0 orcbow
 j - a +0 trident
 l - a +2 quarterstaff of chaos
 n - a +0 hammer
 t - a +0 spear
 x - a +0 whip of freezing
 C - a +0 quarterstaff
 F - a +1 mace of protection
Missiles
 c - 34 stones
 v - a curare-tipped dart
 y - 15 boomerangs
 D - 7 poisoned darts
Armour
 i - a +0 pair of gloves (worn)
 q - a +1 scale mail of willpower
 s - a +1 robe of willpower
 w - a +2 cloak (worn)
 A - a +1 robe of positive energy (worn)
 B - a +0 helmet (worn)
Jewellery
 h - a ring of fire
 u - a ring of wizardry (left hand)
Wands
 f - a wand of roots (6)
 m - a wand of mindburst (5)
 o - a wand of paralysis (4)
 E - a wand of polymorph (10)
Scrolls
 d - a scroll of amnesia
 k - a scroll of summoning
 r - 3 scrolls of vulnerability
Potions
 p - 3 potions of attraction
 z - a potion of enlightenment


   Skills:
 - Level 2.4 Dodging
 + Level 6.6 Stealth
 * Level 12.9 Spellcasting
 + Level 8.7 Conjurations
 - Level 3.1 Hexes
 - Level 4.4 Translocations


You had 12 spell levels left.
You knew the following spells:

 Your Spells              Type           Power      Damage    Failure   Level
a - Magic Dart            Conj           100%       1d8       1%          1
b - Searing Ray           Conj           100%       2d8       1%          2
c - Dazzling Flash        Conj/Hex       100%       N/A       1%          3
d - Fulminant Prism       Conj/Hex       25%        3d14      1%          4
e - Iskenderun's Mystic   Conj/Tloc      53%        2d11      1%          4
f - Tukima's Dance        Hex            35%        N/A       1%          3
g - Hailstorm             Conj/Ice       42%        3d10      1%          3
h - Shock                 Conj/Air       100%       1d9       1%          1

Your spell library contained the following spells:

 Spells                   Type           Power      Damage    Failure   Level
 Freeze                   Ice            72%        1d8       1%          1
 Portal Projectile        Hex/Tloc       78%        N/A       1%          3
 Volatile Blastmotes      Fire/Tloc      60%        2d15      1%          3
 Frozen Ramparts          Ice            36%        1d6       3%          3
 Silence                  Hex/Air        13%        N/A       17%         5
 Agony                    Necr           18%        N/A       32%         5
 Blade Hands              Tmut           9%         N/A       32%         5
 Lee's Rapid Deconstruct  Erth           9%         3d7*      32%         5


Dungeon Overview and Level Annotations

Branches:
Dungeon (7/15)             Temple (1/1) D:6          Bailey (1/1)

Altars:
Dithmenos
Elyvilon
Fedhas
Hepliaklqana
Nemelex Xobeh
Okawaru
Ru
Sif Muna
Trog
Uskayaw
Vehumet
Xom
Yredelemnul
Zin
The Shining One

Shops:
D:3 =


Message History

Aim: an orc knight, wearing a +0 scale mail and quivering datura-tipped darts (67% to hit)
The zap hits the orc knight.
The orc knight is lightly wounded.
Aiming: Polymorph
Press: ? - help, Shift-Dir - straight line, f/p - orc knight
Aim: an orc knight, wearing a +0 scale mail and quivering datura-tipped darts (lightly wounded, will become a yak, a guardian serpent, or an elephant, chance to affect: 31%)
You hear a splash. x2
The orc knight evaporates and reforms as a guardian serpent!
Aiming: Mindburst
Press: ? - help, Shift-Dir - straight line, f/p - guardian serpent
Aim: a guardian serpent (ally target, chance to affect: 29%)
The guardian serpent easily resists.
Casting: Shock (safe; 1% risk of failure)
Confirm with . or Enter, or press ? or * to list all spells.
Casting: Hailstorm (safe; 1% risk of failure)
Press: ? - help, Dir - look around, f - activate A cannonade of hail descends around you!
The hail misses the guardian serpent.
The guardian serpent casts a spell at you.
The bolt of poison misses you.
The guardian serpent casts a spell at you.
The bolt of poison hits you!!
You are poisoned.
Ouch! That really hurt!
Unknown command.
Okay, then.
As you read the scroll of summoning, it crumbles to dust.
Wisps of shadow whirl around you...
You feel very sick.
Unknown command.
Unknown command.
Unknown command.
The guardian serpent attacks as you move away!
The guardian serpent hits you!
* * * LOW HITPOINT WARNING * * *
x2 You feel very sick.
The guardian serpent coils itself and waves its upper body at you.
The bolt of poison hits you!
You are more poisoned.
You die...

#.......# ##..∩..##
##'''## #...# #)..#
#oo.# ####.o.####
##~.ogo.o.~##
#####~~og.g@..~~#####
#....~~...Soo.~~....#
#.###~~..÷.o..~~###.#
#....~~.......~~....#
#.###~~.......~~###.#
#....~(.......~~....#
#.###(~.......~~###.#
#....~~.......~~....#
#.###~~.......~~###.#


You could see a guardian serpent (ally target), 2 friendly orc warriors, a
friendly +0 war axe, 2 friendly orc priests, 3 friendly orc wizards, 3 friendly
gnolls and 3 friendly orcs.

Vanquished Creatures
  Pikel (D:4)
  Grinder (D:6)
  Edmund (D:6)
  A water moccasin (D:6)
  Duvessa (D:6)
  4 orc warriors
  A black bear (D:7)
  2 ogres
  A centaur (D:7)
  2 phantoms
  4 lemures (D:4)
  6 kobold brigands
  4 scorpions
  A gnoll sergeant (D:6)
  Dowan (D:6)
  A howler monkey (D:7)
  2 hounds
  4 jellies
  3 gnoll boudas
  Crazy Yiuf (D:2)
  2 sleepcaps
  4 orc wizards
  Ijyb (D:3)
  11 gnolls
  2 adders
  2 white imps
  A worm (D:3)
  2 dart slugs
  13 orcs
  5 ball pythons
  7 bats
  7 endoplasms
  2 giant cockroaches
  10 goblins
  6 hobgoblins
  A jackal (D:3)
  16 kobolds
  4 quokkas
  3 frilled lizards
  7 rats
148 creatures vanquished.

Vanquished Creatures (collateral kills)
  A giant cockroach (D:4)
1 creature vanquished.

Vanquished Creatures (others)
  2 dancing weapons
  8 fulminant prisms
10 creatures vanquished.

Grand Total: 159 creatures vanquished

Notes
Turn   | Place    | Note
-------+----------+-------------------------------------------
     0 | D:1      | Warped the Deep Elf Conjurer began the quest for the Orb.
     0 | D:1      | Reached XP level 1. HP: 10/10 MP: 6/6
   145 | D:1      | Reached XP level 2. HP: 15/15 MP: 2/8
   495 | D:1      | Reached skill level 4 in Spellcasting
   681 | D:1      | Learned a level 2 spell: Searing Ray
   946 | D:2      | Reached XP level 3. HP: 19/19 MP: 4/10
  1280 | D:2      | Found a runed translucent door.
  1285 | D:2      | Learned a level 3 spell: Dazzling Flash
  1285 | D:2      | Noticed Crazy Yiuf
  1598 | D:2      | Noticed a scorpion
  1628 | D:2      | Killed a scorpion
  1629 | D:2      | Reached skill level 5 in Spellcasting
  1629 | D:2      | Reached skill level 5 in Conjurations
  1629 | D:2      | Reached XP level 4. HP: 24/24 MP: 5/13
  1634 | D:2      | Learned a level 4 spell: Fulminant Prism
  1639 | D:2      | Learned a level 4 spell: Iskenderun's Mystic Blast
  1941 | D:2      | Killed Crazy Yiuf
  2097 | D:3      | Noticed Ijyb
  2102 | D:3      | Paralysed by Ijyb for 5 turns
  2110 | D:3      | Killed Ijyb
  2111 | D:3      | Reached skill level 1 in Hexes
  2111 | D:3      | Reached XP level 5. HP: 26/28 MP: 3/15
  2208 | D:3      | Reached skill level 6 in Spellcasting
  2208 | D:3      | Reached skill level 1 in Translocations
  2618 | D:3      | Found Danatz's Jewellery Shoppe.
  2644 | D:3      | Found a shimmering blue altar of Sif Muna.
  2804 | D:3      | Reached XP level 6. HP: 32/32 MP: 15/17
  3138 | D:4      | Reached skill level 7 in Spellcasting
  3674 | D:4      | Reached XP level 7. HP: 25/36 MP: 9/19
  3720 | D:4      | Learned a level 3 spell: Tukima's Dance
  3772 | D:4      | Noticed Pikel
  4247 | D:4      | Killed Pikel
  4248 | D:4      | Reached skill level 8 in Spellcasting
  4485 | D:5      | Entered Level 5 of the Dungeon
  4492 | D:5      | Reached skill level 9 in Spellcasting
  4520 | D:5      | Reached XP level 8. HP: 41/41 MP: 15/23
  5108 | D:6      | Reached skill level 10 in Spellcasting
  5114 | D:6      | Found a hide-covered altar of Uskayaw.
  5322 | D:6      | Noticed Grinder
  5336 | D:6      | Killed Grinder
  5337 | D:6      | Reached skill level 11 in Spellcasting
  5341 | D:6      | Learned a level 3 spell: Hailstorm
  5363 | D:6      | Reached XP level 9. HP: 42/45 MP: 16/26
  5442 | D:6      | Noticed Duvessa
  5443 | D:6      | Noticed Dowan
  5451 | D:6      | Killed Duvessa
  5451 | D:6      | Killed Dowan
  5535 | D:6      | Identified the +2 leather armour of Happy Babbling {Harm
                  | Fly rN+++ Dex-2}
  5597 | D:6      | Noticed Edmund
  5610 | D:6      | Killed Edmund
  5611 | D:6      | Reached skill level 5 in Stealth
  6038 | D:6      | Found a staircase to the Ecumenical Temple.
  6044 | Temple   | Entered the Ecumenical Temple
  6112 | Temple   | Became a worshipper of Vehumet
  6266 | D:7      | HP: 2/45 [poisoned by a kobold brigand (curare-tipped
                  | dart)]
  6618 | D:7      | Reached skill level 12 in Spellcasting
  6845 | D:7      | Found a flagged portal.
  6857 | Bailey   | Entered a bailey
  7091 | Bailey   | Reached * piety under Vehumet
  7091 | Bailey   | Offered knowledge of Shock by Vehumet.
  7094 | Bailey   | Learned a level 1 spell: Shock
  7144 | Bailey   | Found the +3 Mad Mage's Maulers {Infuse+∞ VampMP -Cast}
  7269 | Bailey   | Noticed an orc knight
  7343 | Bailey   | an orc knight changed into a guardian serpent
  7343 | Bailey   | Noticed a guardian serpent
  7347 | Bailey   | Killed from afar by a guardian serpent

Illustrated notes

Levels and vault maps discovered:
D:1:      dpeg_arrival_water_temple_mockup, layout_basic, glass_columns_c
D:2:      layout_loops_corners, uniq_crazy_yiuf_cottage
D:3:      minmay_chambers_of_threes, layout_rooms,
          mainiacjoe_overflow_cross_hatched, serial_shops, shop,
          amcnicky_mini_pool_small, uniq_ijyb
D:4:      layout_basic, uniq_pikel
D:5:      layout_rooms, nicolae_twisty_statue_hallways
D:6:      layout_basic, mainiacjoe_overflow_paths, minmay_temple_entry_fiery,
          nicolae_grassy_gnolls, uniq_grinder, uniq_edmund, uniq_duvessa
D:7:      gammafunk_corrupted_shrine, layout_basic, enter_bailey_3
Temple:   eino_narrow_crystal_temple
Bailey:   bailey_axe_3, bailey

Skill      XL: |  1  2  3  4  5  6  7  8  9 |
---------------+----------------------------+-----
Spellcasting   | 4 5 6 7 9 11 12 | 12.9
Conjurations   | 5 6 7 8 |  8.7
Hexes          | 1 2 3 |  3.1
Translocations | 1 2 4 |  4.4
Stealth        | 4 6 |  6.6
Dodging        | |  2.4

Action                     |  1- 3 |  4- 6 |  7- 9 || total
---------------------------+-------+-------+-------++-------
  Melee: Spear             |    16 |       |       ||    16
         Dagger            |       |     8 |     9 ||    17
         Whip              |       |       |     5 ||     5
   Cast: Magic Dart        |    46 |    52 |    90 ||   188
         Searing Ray       |     1 |    18 |    50 ||    69
         Dazzling Flash    |       |     2 |       ||     2
         Iskenderun's Myst |       |     1 |     8 ||     9
         Tukima's Dance    |       |       |     4 ||     4
         Fulminant Prism   |       |       |     8 ||     8
         Shock             |       |       |     1 ||     1
         Hailstorm         |       |       |     1 ||     1
  Evoke: Wand              |       |       |    14 ||    14
    Use: Scroll            |     1 |     2 |     9 ||    12
         Potion            |       |       |     3 ||     3
   Stab: Paralysed         |       |       |     3 ||     3
 Armour: Robe              |     7 |    14 |    23 ||    44
         Skin              |       |       |     7 ||     7
  Dodge: Dodged            |    14 |    20 |    51 ||    85

Table legend: (Time is in decaauts)
 A = Elapsed time spent in this place.
 B = Non-inter-level travel time spent in this place.
 C = Inter-level travel time spent in this place.
 D = Time resting spent in this place.
 E = Time spent auto-exploring this place.
 F = Levels seen in this place.
 G = Mean time per level.
                   A        B        C        D        E       F      G
               +--------+--------+--------+--------+--------+-----+--------+
         Total |   7362 |   7147 |    215 |   1045 |   4873 |   9 |  818.0 |
       Dungeon |   6792 |   6594 |    198 |    765 |   4823 |   7 |  970.3 |
        Temple |     74 |     57 |     17 |      0 |     50 |   1 |   74.0 |
        Bailey |    494 |    494 |      0 |    280 |      0 |   1 |  494.0 |
               +--------+--------+--------+--------+--------+-----+--------+

Top non-repeatable levels by time:
     D:4: 1471 daAuts
     D:2: 1300 daAuts
     D:6: 1255 daAuts
     D:3: 972 daAuts
     D:1: 739 daAuts
     D:5: 601 daAuts
  Bailey: 494 daAuts
     D:7: 451 daAuts
  Temple: 74 daAuts
